AoeStats
← lE ponk

Migration

504847826Analyzed
1v1 RM · 25d ago on Sep 6, 2026· 37m 2s· 2 players
Game mode
Random Map
Map size
132×132
Population
200
Speed
Normal
Resources
Standard
Victory
Conquest
Starting age
Dark Age
Ending age
Imperial Age
RankedLock teamsTeams togetherTeam positionsShared explorationLock speedFull tech treeHidden civsTurbo modeCheats
Victory
Defeat
🇸🇪 Celts · Sweden
932
+16
🇨🇷 Japanese · Costa Rica
938
-24
lE ponk
12:48 Feudal Age
13:23 Horse Collar
13:54 Man-at-Arms
14:39 Arson
15:05 Scale Mail Armor
17:05 Forging
18:20 Wheelbarrow
21:48 Castle Age
19:34 Fishing Lines
21:34 Gold Mining
21:35 Stone Mining
23:58 Chain Mail Armor
24:18 Iron Casting
24:34 Gold Shaft Mining
24:35 Stone Shaft Mining
25:39 Long Swordsman
34:07 Imperial Age
gab21
4:59 Loom
14:04 Feudal Age
22:12 Castle Age
20:52 Fletching
21:14 Forging
21:04 Scale Mail Armor
21:13 Scale Barding Armor
21:10 Stone Mining
21:12 Gold Mining
25:29 Medium Warships
26:34 Wheelbarrow
27:21 Town Watch
Connection lost

Rejoining the realm…

Still unreachable

The connection could not be restored.

Session expired

The server has moved on; the page needs a fresh start.